 Dungeon Crawl Stone Soup version 0.21-a0-133-gf55ed5b (webtiles) character file.

385 sagitran the Skirmisher (level 6, -1/48 HPs)
             Began as a Demonspawn Abyssal Knight on July 17, 2017.
             Was a Follower of Lugonu.
             Slain by an ogre
             ... wielding a +0 giant spiked club
              (24 damage)
             ... on level 5 of the Dungeon.
             The game lasted 00:20:55 (4415 turns).

sagitran the Skirmisher (Demonspawn Abyssal Knight) Turns: 4415, Time: 00:20:55

Health: -1/48      AC:  7    Str: 14    XL:     6   Next: 48%
Magic:  0/8        EV: 11    Int: 16    God:    Lugonu [*.....]
Gold:   258        SH:  0    Dex: 12    Spells: 5/5 levels left

rFire    + . .     SeeInvis .   a - +3 hand axe
rCold    . . .     Gourm    .   (no shield)
rNeg     . . .     Faith    .   l - +1 ring mail
rPois    .         Spirit   +   (no helmet)
rElec    .         Reflect  .   (no cloak)
rCorr    .         Harm     .   (no gloves)
MR       .....                  (no boots)
Stlth    +.........             n - amulet of guardian spirit
HPRegen  0.16/turn              q - ring of fire
MPRegen  0.11/turn              (no ring)

@: very slightly contaminated
A: claws 1, clever 1, cold resistance 1, shaggy fur 1, freezing cloud immunity
a: Depart the Abyss, Renounce Religion


You were on level 5 of the Dungeon.
You worshipped Lugonu.
Lugonu was aware of your devotion.
You were not hungry.

You visited 1 branch of the dungeon, and saw 5 of its levels.
You visited the Abyss 1 time.

You collected 258 gold pieces.

Inventory:

Hand Weapons
 a - a +3 hand axe (weapon)
Missiles
 g - 2 javelins (quivered)
 s - 11 tomahawks
Armour
 b - a +0 leather armour
 l - a +1 ring mail (worn)
Magical Staves
 u - an uncursed staff of poison
Jewellery
 n - an amulet of guardian spirit (around neck)
 q - a ring of fire (left claw)
 y - an uncursed amulet of harm {unknown}
Wands
 B - a wand of digging (9/24)
Scrolls
 d - 3 scrolls of identify
 f - 5 scrolls of remove curse
 o - a scroll of immolation
Potions
 p - a potion of mutation
 t - a potion of brilliance
Comestibles
 c - 3 bread rations
 m - 3 fruits
 r - 4 royal jellies
 z - a meat ration


   Skills:
 + Level 4.1 Fighting
 + Level 3.9 Axes
 + Level 3.7 Armour
 + Level 2.0 Dodging
 + Level 0.4 Stealth
 + Level 3.0 Invocations


You had 5 spell levels left.
You didn't know any spells.

Dungeon Overview and Level Annotations

Branches:
Dungeon (5/15)
 Temple: D:4-7

Altars:
Dithmenos
Hepliaklqana
Makhleb
Okawaru
Uskayaw
Yredelemnul

Annotations:
D:5 Pikel, Sigmund


Innate Abilities, Weirdness & Mutations

You have sharp fingernails.
Your flesh is cold resistant. (rC+)
You are immune to freezing clouds.
Your mind is acute. (Int +2)
You are covered in fur. (AC +1)


Message History

Aim: an ogre, wielding a giant spiked club (lightly wounded)
You throw a javelin. The javelin hits the ogre!
The ogre is heavily wounded.
Throwing (i - inventory. (,) - cycle):
g - 4 javelins (quivered)
Press: ? - help, Shift-Dir - straight line, f/p - ogre
Aim: an ogre, wielding a giant spiked club (heavily wounded)
You throw a javelin. The javelin hits the ogre.
The ogre is heavily wounded.
The ogre closely misses you.
You hit the ogre.
The ogre is severely wounded.
The ogre hits you with a giant spiked club!!
Okay, then.
Throwing (i - inventory. (,) - cycle):
g - 3 javelins (quivered)
Press: ? - help, Shift-Dir - straight line, f/p - ogre
Aim: an ogre, wielding a giant spiked club (severely wounded)
You throw a javelin. The javelin closely misses the ogre.
The ogre hits you with a giant spiked club!!
Ouch! That really hurt!
You die...

.....#
#........#####.#.......#
.....# #......#># ..(#
..... # .....#
##.#####.# ....# #.## #
.....# #.# #.# ..... ...
. .....# #.# #.#......
.....# #.#####.#....(.
.....# #........((.(..
.....## #######O###...
......#######...@.#
#.###.#.....#.....#
#####.#...........###
............#.......#
.##.........#....##.#
.##.........###.....#
.##.........# #######
............#
.###........#


You could see an ogre.

Vanquished Creatures
  An ice beast (D:5)
  2 hounds
  An orc wizard (D:3)
  A centaur skeleton (D:4)
  2 iguanas (D:5)
  A worker ant (D:5)
  3 adders
  An adder skeleton (D:4)
  An adder zombie (D:5)
  2 leopard geckos
  3 orcs
  7 bats
  A giant cockroach (D:4)
  7 goblins
  2 hobgoblins
  11 jackals
  3 quokkas
  2 frilled lizards
  6 kobolds
  8 rats
65 creatures vanquished.

Notes
Turn   | Place    | Note
-------+----------+-------------------------------------------
     0 | Abyss:1  | sagitran the Demonspawn Abyssal Knight began the quest for the Orb.
     0 | Abyss:1  | Reached XP level 1. HP: 18/18 MP: 2/2
    15 | D:1      | Escaped the Abyss
   129 | D:1      | Reached skill level 1 in Dodging
   129 | D:1      | Gained mutation: You have sharp fingernails. [demonic ancestry]
   129 | D:1      | Reached XP level 2. HP: 16/24 MP: 4/4
   384 | D:2      | Found a hide-covered altar of Uskayaw.
   534 | D:1      | Reached * piety under Lugonu
   610 | D:2      | Found a hazy altar of Hepliaklqana.
   936 | D:2      | Gained mutation: Your flesh is cold resistant. (rC+) [demonic ancestry]
   936 | D:2      | Reached XP level 3. HP: 23/29 MP: 2/5
  1205 | D:3      | Found a shadowy altar of Dithmenos.
  1803 | D:3      | Found an iron altar of Okawaru.
  2110 | D:4      | Noticed a scorpion
  2244 | D:4      | Noticed a phantom
  2269 | D:3      | Found a burning altar of Makhleb.
  2281 | D:3      | Reached XP level 4. HP: 24/36 MP: 4/6
  2547 | D:3      | Found a faded altar of an unknown god.
  2614 | D:4      | Noticed a hippogriff
  2667 | D:5      | Entered Level 5 of the Dungeon
  3233 | D:4      | Gained mutation: You are immune to freezing clouds. [demonic ancestry]
  3233 | D:4      | Reached XP level 5. HP: 36/42 MP: 7/7
  3738 | D:5      | Reached skill level 4 in Fighting
  4062 | D:5      | Noticed Pikel
  4062 | D:5      | Noticed a slave
  4062 | D:5      | Noticed a slave
  4063 | D:5      | Noticed a slave
  4064 | D:5      | Noticed a slave
  4087 | D:5      | Found a basalt altar of Yredelemnul.
  4088 | D:5      | Noticed Sigmund
  4240 | D:5      | Noticed an ice beast
  4312 | D:5      | Gained mutation: You are covered in fur. (AC +1) [potion of mutation]
  4312 | D:5      | Gained mutation: Your mind is acute. (Int +2) [potion of mutation]
  4329 | D:5      | Killed an ice beast
  4329 | D:5      | Reached XP level 6. HP: 27/48 MP: 3/8
  4415 | D:5      | Slain by an ogre

Vault maps used:
D:1:      dpeg_arrival_simpleton_c
D:2:      lemuel_round_altar, old_standard_altar, first_bread
D:3:      nicolae_overflow_crystal_walls, nicolae_dithmenos_shadow_blocks,
          chequers_ecumenical_altar_grove, makhleb_heckhound_becter
D:5:      old_standard_altar, minmay_temple_entry_statues,
          lightli_ossuary_entry_decrepit_ruins, uniq_sigmund, uniq_pikel

Skill      XL: |  1  2  3  4  5  6 |
---------------+-------------------+-----
Armour         | 2 3 |  3.7
Dodging        | 1 2 |  2.0
Axes           | 2 3 |  3.9
Invocations    | 3 |  3.0
Fighting       | 4 |  4.1
Stealth        | |  0.4

Action                   |  1- 3 |  4- 6 || total
-------------------------+-------+-------++-------
Melee: Hand axe          |   129 |   163 ||   292
Throw: Javelin           |       |     9 ||     9
Invok: Depart the Abyss  |     1 |       ||     1
  Use: Potion            |       |     9 ||     9
       Scroll            |       |     7 ||     7
 Stab: Invisible         |       |     4 ||     4
  Eat: Bread ration      |     1 |     2 ||     3
Armor: Leather armour    |    14 |       ||    14
       Ring mail         |    36 |    78 ||   114
Dodge: Dodged            |   110 |   152 ||   262
